 Dungeon Crawl Stone Soup version 0.30.0-21-gd299b56b3f (webtiles) character file.

Game seed: 14216687710573058844

28 qw the Shield-Bearer (level 3, -1/23 HPs)
             Began as a Gargoyle Fighter on June 2, 2023.
             Slain by Terence
             ... wielding a +1 falchion of protection
              (3 damage)
             ... on level 2 of the Dungeon.
             The game lasted 00:00:33 (1193 turns).

qw the Shield-Bearer (Gargoyle Fighter)             Turns: 1193, Time: 00:00:33

Health: -1/23      AC: 10    Str: 21    XL:     3   Next: 14%
Magic:  3/3        EV:  9    Int:  8    God:
Gold:   47         SH:  4    Dex:  9    Spells: 2/2 levels left

rFire   . . .        Y - +0 war axe
rCold   . . .        c - +0 buckler
rNeg    + . .        b - +0 scale mail
rPois   inf          (no helmet)
rElec   +            (no cloak)
rCorr   .            (no gloves)
SInv    .            (no boots)
Will    .....        (no amulet) Stlth
                     (no ring)
HPRegen 0.23/turn    (no ring)
MPRegen 0.08/turn

%: no passive effects
@: about to teleport
A: sickness immunity, AC +3, negative energy resistance 1, electricity
resistance, torment resistance 1, petrification resistance
a: no special abilities


You were on level 2 of the Dungeon.
You visited 1 branch of the dungeon, and saw 2 of its levels.

You collected 47 gold pieces.


Innate Abilities, Weirdness & Mutations

You are immune to sickness and miasma.
Your stone body is resilient. (AC +3)
You are immune to poison.
You resist negative energy. (rN+)
You are resistant to electric shocks. (rElec)
You are resistant to unholy torment.
You are immune to petrification.


   Skills:
 - Level 3.2 Fighting
 + Level 3.2 Axes
 - Level 3.2 Armour
 - Level 3.2 Shields


You had 2 spell levels left.
You didn't know any spells.
Your spell library was empty.

Inventory:

Hand Weapons
 j - a +0 whip
 Y - a +0 war axe (weapon)
Armour
 b - a +0 scale mail (worn)
 c - a +0 buckler (worn)
Scrolls
 h - a scroll of vulnerability {unknown}
Potions
 d - a potion of might
 e - a potion of ambrosia {unknown}
 f - 2 potions of heal wounds {unknown}
 g - a potion of lignification {unknown}
 i - a potion of attraction {unknown}
 k - a potion of cancellation {unknown}
 l - a potion of resistance {unknown}

Dungeon Overview and Level Annotations

Branches:
Dungeon (2/15)

Altars:

Annotations:
D:2 Terence


Message History

HP restored.
There is a stone staircase leading up here.
Terence the Incautious comes into view.
He is wielding a +1 falchion of protection.
Terence shouts!
Enter note:
Enter note:
Enter note:
Enter note:
Enter note:
Enter note:
Enter note:
Enter note:
Enter note: You hit Terence but do no damage.
Terence hits you with a +1 falchion of protection. x2
You barely miss Terence. Terence hits you but does no damage.
You hit Terence but do no damage. You block Terence's attack.
Terence screams, "I want your blood!" Terence hits you but does no damage.
You closely miss Terence. Terence closely misses you.
You hit Terence but do no damage. Terence hits you but does no damage.
You barely miss Terence. You block Terence's attack.
Terence hits you with a +1 falchion of protection.
You hit Terence.
Terence is lightly wounded.
Terence hits you with a +1 falchion of protection.
You slash Terence!
Terence is heavily wounded.
Terence hits you with a +1 falchion of protection!
Terence hits you with a +1 falchion of protection.
1193 ||| READING scroll of teleportation.
As you read the scroll of teleportation, it crumbles to dust.
You feel strangely unstable.
Terence hits you with a +1 falchion of protection.
You die...

######...## #..###......#..[.....
..#.....####.##.<#.............
..........###...................
.................................
.............###.................
.................................
.............###............#..##
.............# #..#.#....##.#.##
..........#.# #@.#.#.#.....#.#
..#.....>#.# #@........#....#
######.... ..>.....#......###
#........##....##.....#.
#........##.............
#..........#.#.......##
........###.#.......#
.............>%......#
#............#


You could see Terence.

Vanquished Creatures
  A dart slug (D:2)
  9 endoplasms
  A giant cockroach (D:1)
  A goblin (D:2)
  A hobgoblin (D:1)
  2 quokkas (D:1)
  3 ball pythons
  2 bats (D:1)
  2 rats (D:2)
22 creatures vanquished.

Notes
Turn   | Place    | Note
-------+----------+-------------------------------------------
     0 | D:1      | qw the Gargoyle Fighter began the quest for the Orb.
     0 | D:1      | Reached XP level 1. HP: 14/14 MP: 1/1
     0 | D:1      | 0 ||| qw: Version: 0.2-a-102-gdf20003
     0 | D:1      | 0 ||| qw: Game counter: 849
     0 | D:1      | 0 ||| qw: Always use a shield: true
     0 | D:1      | 0 ||| qw: God list: Okawaru
     0 | D:1      | 0 ||| qw: Allow faded altars: false
     0 | D:1      | 0 ||| qw: Do Orc after D:15 true
     0 | D:1      | 0 ||| qw: Do second Lair branch before Depths: true
     0 | D:1      | 0 ||| qw: Lair rune preference: random
     0 | D:1      | 0 ||| qw: Plans: Normal, Zot:1-4, Slime:5, God:TSO, Crypt,
                  | Tomb, Pan, Hells, Abyss, Win
     0 | D:1      | 0 ||| PLANNING D:1-11
   160 | D:1      | Reached XP level 2. HP: 19/19 MP: 2/2
   183 | D:1      | 183 ||| Stepping ~*~*~tactically~*~*~ (stealth).
   190 | D:1      | 190 ||| FLEEEEING.
   191 | D:1      | 191 ||| FLEEEEING.
   192 | D:1      | 192 ||| FLEEEEING.
   193 | D:1      | 193 ||| FLEEEEING.
   194 | D:1      | 194 ||| FLEEEEING.
   195 | D:1      | 195 ||| FLEEEEING.
   196 | D:1      | 196 ||| FLEEEEING.
   499 | D:1      | Found a faded altar of an unknown god.
   716 | D:1      | 716 ||| READING 2 scrolls labelled JESMAI ACRUM.
   721 | D:1      | 721 ||| READING scroll labelled RUSMIK MIX.
   722 | D:1      | 722 ||| READING scroll labelled CEF NICKEMI.
   823 | D:1      | 823 ||| READING scroll labelled LEMEAT DEQASE.
   850 | D:2      | 850 ||| Stepping ~*~*~tactically~*~*~ (hiding).
   861 | D:2      | Reached skill level 3 in Axes
   890 | D:2      | Reached XP level 3. HP: 16/23 MP: 3/3
  1180 | D:2      | Noticed Terence
  1192 | D:2      | HP: 2/23 [Terence/+1 falchion of protection (9)]
  1193 | D:2      | 1193 ||| READING scroll of teleportation.
  1193 | D:2      | Slain by Terence

Levels and vault maps discovered:
D:1:      eino_arrival_water_star, layout_basic,
          hellmonk_ecumenical_altar_crossroads
D:2:      layout_rooms, minmay_misc_feat_room, chequers_serial_rivers_micro_a,
          uniq_terence

Skill      XL: |  1  2 |
---------------+-------+-----
Axes           | 2 3 |  3.2
Fighting       | |  3.2
Armour         | |  3.2
Shields        | |  3.2

Action                     || total
---------------------------++-------
  Melee: War axe           ||    67
    Use: Scroll            ||     5
 Armour: Scale mail        ||    24
  Dodge: Dodged            ||    14
  Block: Buckler           ||    13

Table legend:
 A = Non-vault XP
 B = Vault XP
 C = Vault XP percentage of total XP
 D = Non-vault monster count
 E = Vault monster count
 F = Vault count percentage of total count
                 A         B        C        D         E       F
            +---------+---------+-------+---------+---------+-------
      Total |      41 |       0 |   0.0 |      22 |       0 |   0.0
            +---------+---------+-------+---------+---------+-------
        D:1 |      27 |       0 |   0.0 |      15 |       0 |   0.0
        D:2 |      14 |       0 |   0.0 |       7 |       0 |   0.0
            +---------+---------+-------+---------+---------+-------
